 Dungeon Crawl Stone Soup version 0.31.0-12-g77e489cdc1 (webtiles) character file.

Game seed: 11532471169410536543

145 Ekaitz the Firebug (level 5, -4/36 HPs)
             Began as a Demonspawn Fire Elementalist on Feb 26, 2024.
             Slain by a sleepcap (16 damage)
             ... on level 3 of the Dungeon.
             The game lasted 00:05:21 (1818 turns).

Ekaitz the Firebug (Demonspawn Fire Elementalist)   Turns: 1818, Time: 00:05:22

Health: -4/36      AC:  4    Str:  8    XL:     5   Next: 6%
Magic:  2/9        EV:  2    Int: 17    God:
Gold:   90         SH:  0    Dex: 14    Spells: 3/9 levels left

rFire   . . .        g - staff of conjuration
rCold   + . .        (no shield)
rNeg    . . .        a - +0 robe
rPois   .            (helmet restricted)
rElec   .            (no cloak)
rCorr   .            (no gloves)
SInv    .            (no boots)
Will    .....        (no amulet)
Stlth   ++           r - ring of protection from cold
HPRegen 0.26/turn    (no ring)
MPRegen 0.11/turn

%: no passive effects
@: sleeping
A: horns 1, molten scales 1, demonic guardian 2
a: no special abilities


You were on level 3 of the Dungeon.
You visited 1 branch of the dungeon, and saw 4 of its levels.

You collected 90 gold pieces.

Inventory:

Hand Weapons
 d - a +2 heavy mace
 f - a +2 dagger of speed
 p - a +0 spear of flaming
Missiles
 t - 5 poisoned darts
Armour
 a - a +0 robe (worn)
Magical Staves
 g - a staff of conjuration (weapon)
 m - a staff of earth
Jewellery
 r - a ring of protection from cold (left hand)
Scrolls
 c - a scroll of amnesia {unknown}
 e - 2 scrolls of immolation {unknown}
 h - a scroll of fear {unknown}
 i - a scroll of teleportation {unknown}
 j - a scroll of revelation {unknown}
 k - a scroll of brand weapon {unknown}
 l - a scroll of butterflies {unknown}
 o - a scroll of identify {unknown}
Potions
 b - a potion of magic
 n - a potion of curing {unknown}
 q - a potion of berserk rage {unknown}
 s - a potion of lignification {unknown}
 u - a potion of mutation {unknown}
 v - a potion of cancellation {unknown}


   Skills:
 * Level 0.7 Fighting
 + Level 2.0 Dodging
 + Level 2.1 Stealth
 + Level 2.6 Spellcasting
 + Level 2.3 Conjurations
 * Level 1.1 Hexes
 * Level 3.8 Fire Magic


You had 3 spell levels left.
You knew the following spells:

 Your Spells              Type           Power      Damage    Failure   Level
a - Foxfire               Conj/Fire      76%        2x1d7     4%          1
b - Scorch                Fire           30%        2d6       5%          2
i - Inner Flame           Hex/Fire       10%        N/A       21%         3

Your spell library contained the following spells:

 Spells                   Type           Power      Damage    Failure   Level
 Necrotise                Necr           8%         1d4       19%         1
 Volatile Blastmotes      Fire/Tloc      16%        2d11      24%         3
 Vampiric Draining        Necr           2%         2d6       47%         3
 Flame Wave               Conj/Fire      19%        2d7       45%         4
 Martyr's Knell           Necr/Summ      2%         N/A       87%         4
 Curse of Agony           Necr           2%         N/A       99%         5


Dungeon Overview and Level Annotations

Branches:
Dungeon (4/15)
 Temple: D:4-7

Altars:
Hepliaklqana


Innate Abilities, Weirdness & Mutations

You have a pair of small horns on your head.
You are partially covered in molten scales. (AC +2)
A demonic guardian rushes to your aid.


Message History

Found a glowing hat and 11 gold pieces.
You feel a surge of power!
You conjure some foxfire!
Casting: Foxfire (safe; 5% risk of failure)
Confirm with . or Enter, or press ? or * to list all spells.
Flames lash the sleepcap.
The sleepcap is lightly damaged.
The sleepcap's fire resistance burns away.
The foxfire hits the sleepcap.
The sleepcap is burned terribly!
The sleepcap is moderately damaged.
The foxfire hits the sleepcap.
The sleepcap is burned terribly!
The sleepcap is heavily damaged.
The sleepcap barely misses you.
You feel a surge of power!
You conjure some foxfire!
The sleepcap releases spores at you.
You are engulfed in a cloud of soporific spores!
You fall asleep.
The sleepcap releases spores at you!
You wake up.
You are engulfed in a cloud of soporific spores!
You are unaffected.
Casting: Foxfire (safe; 5% risk of failure)
Confirm with . or Enter, or press ? or * to list all spells.
Flames lash the sleepcap.
The sleepcap is burned terribly!
The sleepcap is almost destroyed.
The foxfire hits the sleepcap.
The sleepcap is burned terribly!
The sleepcap is almost destroyed.
The foxfire hits the sleepcap.
You destroy the sleepcap!
The sleepcap releases spores at you but does no damage.
You have reached level 5!
Your demonic ancestry asserts itself...
A pair of horns grows on your head!
Unknown command.
The dart slug launches a dart at you. The slug dart hits you.
The sleepcap attacks as it pursues you! The sleepcap releases spores at you!
A demonic guardian appears!
You are engulfed in a cloud of soporific spores!
You fall asleep.
The sleepcap releases spores at you!
You die...

.........###.....#.###
..#.######............
#.#. #.#.....#.... ...#.
#.#....##.### ..#.
#.#.##.##.### #(#.
#.#.##......# #.#.##
#.#.##..#.#.#
#...4#####.#.##.......
#####..#.@...........#.#.#
#.......f######..###......
.###.#.#..####..#........
# #....#..####.#(.....
#...w'....##########
.....#...'.....[ #
#.#†..#..'....##########
......#.#$.###.........
#).......####..#######..


You could see a sleepcap (ally target) and a friendly rust devil (summoned).

Vanquished Creatures
  A bombardier beetle (D:3)
  A sleepcap (D:3)
  5 adders
  A dart slug (D:3)
  A ribbon worm (D:2)
  4 ball pythons
  3 bats
  2 endoplasms
  A giant cockroach (D:1)
  5 goblins
  2 hobgoblins
  4 jackals (D:3)
  3 kobolds
  2 frilled lizards (D:1)
  6 rats
41 creatures vanquished.

Vanquished Creatures (others)
  137 foxfires
137 creatures vanquished.

Grand Total: 178 creatures vanquished

Notes
Turn   | Place    | Note
-------+----------+-------------------------------------------
     0 | D:1      | Ekaitz the Demonspawn Fire Elementalist began the quest for
                  | the Orb.
     0 | D:1      | Reached XP level 1. HP: 13/13 MP: 3/3
   250 | D:1      | Gained mutation: A weak demonic guardian rushes to your
                  | aid. [demonic ancestry]
   250 | D:1      | Reached XP level 2. HP: 19/19 MP: 3/5
   253 | D:1      | Learned a level 2 spell: Scorch
   282 | D:1      | Found a faded altar of an unknown god.
   417 | D:1      | Reached skill level 3 in Fire Magic
  1045 | D:2      | You fall into a shaft and drop 2 floors!
  1124 | D:4      | Gained mutation: You are partially covered in molten
                  | scales. (AC +2) [demonic ancestry]
  1124 | D:4      | Reached XP level 3. HP: 24/24 MP: 0/6
  1128 | D:4      | Learned a level 3 spell: Inner Flame
  1251 | D:4      | Found a hazy altar of Hepliaklqana.
  1533 | D:3      | Gained mutation: A demonic guardian rushes to your aid.
                  | [demonic ancestry]
  1533 | D:3      | Reached XP level 4. HP: 30/30 MP: 2/7
  1772 | D:3      | Reached skill level 1 in Hexes
  1813 | D:3      | Gained mutation: You have a pair of small horns on your
                  | head. [demonic ancestry]
  1813 | D:3      | Reached XP level 5. HP: 23/36 MP: 1/9
  1818 | D:3      | Slain by a sleepcap

Illustrated notes

Levels and vault maps discovered:
D:1:      scummos_arrival_star, layout_basic,
          shapermc_ecumenical_altar_hornbeckon
D:2:      layout_basic, minmay_quantized
D:3:      layout_loops_ring, nicolae_overflow_crystal_walls, hellmonk_no_cap
D:4:      layout_loops_cross, mainiacjoe_overflow_brackets, led_sif_book,
          minmay_unequal

Skill      XL: |  1  2  3  4 |
---------------+-------------+-----
Stealth        | 2 |  2.1
Fire Magic     | 3 |  3.8
Conjurations   | 2 |  2.3
Dodging        | 2 |  2.0
Hexes          | 1 |  1.1
Fighting       | |  0.7
Spellcasting   | |  2.6

Action                     |  1- 3 |  4- 6 || total
---------------------------+-------+-------++-------
   Cast: Foxfire           |    60 |    18 ||    78
         Scorch            |       |     4 ||     4
 Armour: Robe              |     9 |    11 ||    20
  Dodge: Dodged            |     3 |     8 ||    11
